 Dungeon Crawl Stone Soup version 0.30-a0-879-ga8ba668304 (webtiles) character file.

Game seed: 7988779417861491957

233 Sanktem7 the Chopper (level 5, -2/47 HPs)
             Began as a Minotaur Fighter on Mar 14, 2023.
             Slain by a mummy (7 damage)
             ... in an ossuary.
             The game lasted 00:02:35 (2212 turns).

Sanktem7 the Chopper (Minotaur Fighter)             Turns: 2212, Time: 00:02:36

Health: -2/47      AC: 12    Str: 23    XL:     5   Next: 74%
Magic:  4/4        EV:  6    Int:  5    God:
Gold:   201        SH:  4    Dex:  9    Spells: 4/4 levels left

rFire   . . .      SeeInvis .    a - +0 war axe
rCold   . . .      Faith    .    c - +0 buckler
rNeg    . . .      Spirit   .    r - +0 plate armour
rPois   .          Reflect  .    (helmet restricted)
rElec   .          Rampage  .    (no cloak)
rCorr   .                        (no gloves)
Will    .....                    (no boots) Stlth
                                 (no amulet)
HPRegen 0.27/turn                (no ring)
MPRegen 0.09/turn                (no ring)

@: no status effects
A: horns 2, retaliatory headbutt
a: no special abilities


You were in an ossuary.
You visited 1 branch of the dungeon, and saw 4 of its levels.
You also visited: Ossuary.

You collected 201 gold pieces.

Inventory:

Hand Weapons
 a - a +0 war axe (weapon)
Missiles
 n - 2 throwing nets (quivered)
Armour
 c - a +0 buckler (worn)
 r - a +0 plate armour (worn)
Jewellery
 q - a ring of ice
 t - a ring of wizardry
Wands
 o - a wand of paralysis (15)
Scrolls
 b - a scroll of enchant armour {unknown}
 e - 3 scrolls of identify {unknown}
 g - 3 scrolls of teleportation {unknown}
 h - 5 scrolls of vulnerability {unknown}
 i - a scroll of torment {unknown}
 l - a scroll of fog {unknown}
 m - a scroll of amnesia {unknown}
 p - a scroll of immolation {unknown}
 u - a scroll of noise {unknown}
Potions
 d - 2 potions of might
 f - 2 potions of invisibility {unknown}
 j - 2 potions of mutation {unknown}
 k - a potion of heal wounds {unknown}
 s - a potion of brilliance {unknown}


   Skills:
 + Level 4.8 Fighting
 * Level 5.0 Axes
 + Level 4.7 Armour
 + Level 4.7 Shields


You had 4 spell levels left.
You didn't know any spells.
Your spell library contained the following spells:

 Spells                   Type           Power      Damage    Failure   Level
 Sandblast                Erth           0%         2d4       100%        1
 Cigotuvi's Dreadful Rot  Necr/Pois/Air  0%         N/A       100%        2
 Passwall                 Tmut/Erth      0%         N/A       100%        2
 Stone Arrow              Conj/Erth      0%         3d7       100%        3
 Dispel Undead            Necr           0%         3d6       100%        4
 Death Channel            Necr           0%         N/A       100%        6


Dungeon Overview and Level Annotations

Branches:
Dungeon (4/15)            Ossuary (1/1)
 Temple: D:4-7

Altars:


Innate Abilities, Weirdness & Mutations

You have a pair of horns on your head.
You reflexively headbutt those who attack you in melee.


Message History

You are too injured to fight recklessly!
Unknown command.
You hit the mummy.
The mummy is severely damaged.
You hit the bullfrog zombie.
The bullfrog zombie hits you but does no damage.
You block the bullfrog zombie's attack. The mummy hits you but does no damage.
You slash the mummy!
You destroy the mummy!
You slash the bullfrog zombie!
The bullfrog zombie completely misses you.
You furiously retaliate!
You headbutt the bullfrog zombie. You hit the mummy but do no damage.
You barely miss the mummy. You slash the bullfrog zombie!
The bullfrog zombie hits you but does no damage. x2
The mummy hits you!
* * * LOW HITPOINT WARNING * * *
The mummy hits you.
* * * LOW HITPOINT WARNING * * *
You barely miss the mummy. You barely miss the bullfrog zombie.
You barely miss the mummy. You block the bullfrog zombie's attack.
The mummy closely misses you. You furiously retaliate!
You headbutt the mummy.
The bullfrog zombie hits you but does no damage.
The mummy hits you.
* * * LOW HITPOINT WARNING * * *
You hit the mummy but do no damage.
The mummy is lightly damaged.
You hit the mummy. You hit the bullfrog zombie.
The bullfrog zombie hits you but does no damage.
The mummy hits you but does no damage.
You barely miss the mummy.
The mummy is lightly damaged.
You hit the bullfrog zombie.
You destroy the bullfrog zombie!
You slash the mummy! The mummy closely misses you.
Your Axes skill increases to level 5!
You slash the mummy! Your headbutt misses the mummy.
The mummy is severely damaged.
You closely miss the mummy. The mummy hits you!
You die...

#.' +.#
#.+ #.#
+.+
#####.###
#∩..#M'.#
#.∩.'@#
#...#M'.#
#####.###
..' #'##
#.# ###


You could see 2 mummies.

Vanquished Creatures
  A bullfrog zombie (Ossuary)
  A hound (D:4)
  A sleepcap (D:3)
  2 mummies (Ossuary)
  4 gnolls (D:2)
  2 adders (D:3)
  A worm (D:3)
  2 dart slugs
  2 orcs (D:3)
  5 endoplasms
  A giant cockroach (D:1)
  5 goblins
  6 hobgoblins
  6 jackals (D:3)
  3 quokkas
  3 ball pythons
  3 bats
  3 frilled lizards
  3 kobolds
  3 rats
57 creatures vanquished.

Vanquished Creatures (others)
  4 withered plants (Ossuary)
4 creatures vanquished.

Grand Total: 61 creatures vanquished

Notes
Turn   | Place    | Note
-------+----------+-------------------------------------------
     0 | D:1      | Sanktem7 the Minotaur Fighter began the quest for the Orb.
     0 | D:1      | Reached XP level 1. HP: 19/19 MP: 0/0
   256 | D:1      | Reached XP level 2. HP: 27/27 MP: 1/1
   572 | D:2      | Reached skill level 3 in Axes
   613 | D:2      | Reached XP level 3. HP: 18/33 MP: 2/2
  1273 | D:3      | Reached skill level 4 in Axes
  1273 | D:3      | Reached XP level 4. HP: 38/40 MP: 3/3
  1876 | D:3      | Reached XP level 5. HP: 34/47 MP: 4/4
  2190 | D:4      | Found a sand-covered staircase.
  2195 | Ossuary  | Entered an ossuary
  2212 | Ossuary  | Reached skill level 5 in Axes
  2212 | Ossuary  | Slain by a mummy

Illustrated notes

Levels and vault maps discovered:
D:1:      kennysheep_arrival_seaside, layout_rooms
D:2:      layout_loops_ring
D:3:      layout_loops_corners, minmay_goblin_kobold_house
D:4:      layout_basic, minmay_temple_entry_large_hall, enter_ossuary_5,
          uniq_blork_the_orc
Ossuary:  ossuary_zaba_flooded

Skill      XL: |  1  2  3  4  5 |
---------------+----------------+-----
Axes           | 3 4 5 |  5.0
Fighting       | 4 |  4.8
Armour         | 4 |  4.7
Shields        | 4 |  4.7

Action                     |  1- 3 |  4- 6 || total
---------------------------+-------+-------++-------
  Melee: War axe           |    54 |    62 ||   116
         Headbutt          |     8 |     6 ||    14
 Armour: Scale mail        |     8 |       ||     8
         Chain mail        |     4 |       ||     4
         Plate armour      |       |    50 ||    50
  Dodge: Dodged            |    21 |    20 ||    41
  Block: Buckler           |    12 |    16 ||    28

Table legend: (Time is in decaauts)
 A = Elapsed time spent in this place.
 B = Non-inter-level travel time spent in this place.
 C = Inter-level travel time spent in this place.
 D = Time resting spent in this place.
 E = Time spent auto-exploring this place.
 F = Levels seen in this place.
 G = Mean time per level.
                   A        B        C        D        E       F      G
               +--------+--------+--------+--------+--------+-----+--------+
         Total |   2253 |   2183 |     70 |      0 |   1835 |   5 |  450.6 |
       Dungeon |   2232 |   2162 |     70 |      0 |   1833 |   4 |  558.0 |
       Ossuary |     20 |     20 |      0 |      0 |      2 |   1 |   20.0 |
               +--------+--------+--------+--------+--------+-----+--------+

Top non-repeatable levels by time:
     D:3: 987 daAuts
     D:2: 674 daAuts
     D:1: 491 daAuts
     D:4: 79 daAuts
 Ossuary: 20 daAuts
